 Dungeon Crawl Stone Soup version 0.18.1-8-gdd0e5ea (webtiles) character file.

3733 qqqbard the Basher (level 10, -7/64 HPs)
             Began as a Gargoyle Fighter on June 11, 2016.
             Was a Believer of the Shining One.
             Mangled by an orc knight
             ... wielding a +4 glaive
              (9 damage)
             ... in a bailey.
             The game lasted 00:26:12 (7601 turns).

qqqbard the Basher (Gargoyle Fighter)               Turns: 7601, Time: 00:26:12

Health: -7/64      AC: 24    Str: 27    XL:     10   Next: 14%
Magic:  10/10      EV:  6    Int:  9    God:    the Shining One [**....]
Gold:   470        SH: 12    Dex: 15    Spells: 0 memorised, 9 levels left

rFire  . . .     SeeInvis .     a - +0 flail
rCold  . . .     Gourm    .     A - +0 plate armour
rNeg   + + .     Faith    .     c - +0 shield
rPois  ∞         Spirit   .     l - +1 helmet
rElec  +         Dismiss  .     I - +0 cloak
rCorr  +         Reflect  .     (no gloves)
SustAt .         Harm     .     (no boots)
MR     .....                    (no amulet)
Stlth  ..........               y - +5 ring of dexterity
                                w - ring of resist corrosion

@: mighty, glowing, not resistant to hostile enchantments, extremely unstealthy
A: negative energy resistance 1, electricity resistance, unbreathing,
petrification resistance, rot immunity, AC +7
a: Divine Shield, Renounce Religion


You were in a bailey.
You worshipped the Shining One.
The Shining One was pleased with you.
You were not hungry.

You visited 2 branches of the dungeon, and saw 9 of its levels.
You also visited: Sewer and Bailey.

You collected 470 gold pieces.

Inventory:

Hand Weapons
 a - a +0 flail (weapon)
 u - a cursed +0 long sword
Armour
 c - a +0 shield (worn)
 l - a +1 helmet (worn)
 A - a +0 plate armour (worn)
 I - a +0 cloak (worn)
Jewellery
 e - a cursed ring of teleportation
 v - a +2 ring of intelligence
 w - a ring of resist corrosion (left hand)
 y - a +5 ring of dexterity (right hand)
 K - an uncursed amulet of harm
Wands
 C - a wand of acid (5/15)
 J - a wand of random effects (21/48)
Scrolls
 b - 3 scrolls of magic mapping
 h - 2 scrolls of amnesia
 j - 2 scrolls of enchant weapon {unknown}
 k - 6 scrolls of teleportation
 n - 4 scrolls of identify
 o - a scroll of remove curse
 r - a scroll of enchant armour {unknown}
 t - a scroll of noise {unknown}
 D - a scroll of fear
 E - 2 scrolls of blinking
Potions
 d - 3 potions of might
 i - 2 potions of lignification {unknown}
 m - 2 potions of curing
 p - a potion of degeneration {unknown}
 q - a potion of agility
 s - 8 potions of flight
 z - a potion of berserk rage {unknown}
 B - a potion of ambrosia {unknown}
 F - a potion of heal wounds
 G - a potion of brilliance
Comestibles
 f - 7 bread rations
 g - 4 meat rations
 x - 3 fruits
 H - a slice of pizza
 L - a chunk of flesh


   Skills:
 - Level 7.7 Fighting
 - Level 9.1 Maces & Flails
 - Level 8.2 Armour
 - Level 1.9 Stealth
 * Level 7.2 Shields


You had 9 spell levels left.
You didn't know any spells.

Dungeon Overview and Level Annotations

Branches:
Dungeon (8/15)             Temple (1/1) D:5
   Lair: D:8-11

Altars:
Ashenzari
Cheibriados
Dithmenos
Elyvilon
Gozag
Kikubaaqudgha
Makhleb
Nemelex Xobeh
Okawaru
Pakellas
Qazlal
Ru
Trog
Vehumet
Xom
Yredelemnul
Zin
The Shining One


Innate Abilities, Weirdness & Mutations

You are resistant to torment.
Your stone body is resilient (AC +7).
You are immune to poison.
You resist negative energy.
You are resistant to electric shocks.
You can survive without breathing.
You are immune to petrification.
You are immune to rotting.


Message History

The orc knight hits you from afar with an enchanted glaive!
* * * LOW HITPOINT WARNING * * *
Drink which item? (? for menu, Esc to quit)
It was a potion of heal wounds.
You feel much better.
The orc warrior shoots a bolt.
The bolt hits you!
The orc knight hits you but does no damage.
Drink which item? (? for menu, Esc to quit)
You feel very mighty all of a sudden.
The orc knight hits you from afar with an enchanted glaive!
* * * LOW HITPOINT WARNING * * *
The orc knight hits you but does no damage.
You hit the orc knight.
The orc knight is lightly wounded.
You block the orc knight's attack. x2
You thump the orc knight!
The orc knight is moderately wounded.
The orc warrior shoots a bolt.
The bolt hits you!
* * * LOW HITPOINT WARNING * * *
The orc knight hits you from afar with an enchanted glaive!
You die...

## ###
##.###########∩##
#..o##.....##.∩.# .
#?.@#..≈≈≈..#...#..≈
#[..#.≈≈o≈≈.......≈≈
#.oo(.≈ooo≈.......≈o
#...#.≈≈o≈≈(......≈≈
#...#..≈≈≈..#...#..≈
#}..##...(.##...##..
##.###########∩## ##
## ##


You could see 2 orc knights and an orc warrior.

Vanquished Creatures
  Erica (D:8)
  A troll (D:6)
  A spriggan (D:7)
  A hippogriff (D:8)
  A water moccasin (D:6)
  A phantom (D:4)
  2 centaurs (D:5)
  3 ogres
  7 big kobolds
  2 giant frogs
  A scorpion (D:5)
  5 electric eels (D:6)
  5 crimson imps
  A giant frog zombie (D:7)
  A centaur zombie (D:7)
  2 hounds (D:6)
  A centaur skeleton (D:7)
  2 giant frog skeletons
  Jessica (D:2)
  Natasha (twice) (D:2)
  2 iguanas (D:6)
  5 orc wizards
  3 worker ants
  A killer bee zombie (D:7)
  2 hound zombies
  A howler monkey zombie (D:5)
  7 gnolls
  10 adders
  A river rat (Sewer)
  2 shadow imps
  2 oozes
  An adder zombie (D:7)
  4 worms
  2 dart slugs (D:1)
  2 giant geckos (D:6)
  20 orcs
  3 ball pythons (Sewer)
  12 giant cockroaches
  12 goblins
  7 hobgoblins
  11 jackals
  4 quokkas
  7 bats
  A giant gecko skeleton (D:6)
  4 giant newts
  65 kobolds
  A quokka skeleton (D:4)
  10 rats
243 creatures vanquished.

Vanquished Creatures (others)
  3 kobolds (D:6)
3 creatures vanquished.

Grand Total: 246 creatures vanquished

Notes
Turn   | Place    | Note
--------------------------------------------------------------
     0 | D:1      | qqqbard the Gargoyle Fighter began the quest for the Orb.
     0 | D:1      | Reached XP level 1. HP: 14/14 MP: 1/1
     0 | D:1      | Noticed a tentacled monstrosity
     0 | D:1      | Noticed an orb of fire
     2 | D:1      | Noticed an orb of fire
     2 | D:1      | Noticed an iron dragon
     4 | D:1      | Noticed a large abomination
     5 | D:1      | Noticed a green draconian
     6 | D:1      | Noticed an orb of fire
     8 | D:1      | Noticed a large abomination
    12 | D:1      | Noticed a shadow dragon
    14 | D:1      | Noticed a tentacled monstrosity
    14 | D:1      | Noticed a shadow dragon
    16 | D:1      | Noticed an iron dragon
    18 | D:1      | Noticed a tentacled monstrosity
    71 | D:1      | Reached XP level 2. HP: 16/19 MP: 2/2
   437 | D:1      | Reached XP level 3. HP: 24/24 MP: 3/3
   544 | D:2      | Noticed Natasha
   550 | D:2      | Killed Natasha
   550 | D:2      | Reached skill level 3 in Maces & Flails
   747 | D:2      | Reached XP level 4. HP: 22/29 MP: 4/4
   994 | D:2      | Noticed Natasha
  1002 | D:2      | Killed Natasha
  1034 | D:2      | Noticed Jessica
  1036 | D:2      | Killed Jessica
  1036 | D:2      | Reached XP level 5. HP: 33/33 MP: 5/5
  1115 | D:2      | Found a radiant altar of Vehumet.
  1116 | D:2      | Found a stormy altar of Qazlal.
  1128 | D:2      | Found a shadowy altar of Dithmenos.
  1312 | D:2      | Found a basalt altar of Yredelemnul.
  1397 | D:3      | Reached skill level 4 in Maces & Flails
  1935 | D:4      | Noticed a phantom
  1967 | D:4      | Found a glowing drain.
  2014 | D:4      | Reached XP level 6. HP: 35/39 MP: 6/6
  2050 | D:4      | Killed a phantom
  2052 | Sewer    | Entered a sewer
  2435 | Sewer    | Reached skill level 5 in Maces & Flails
  2688 | Sewer    | Reached skill level 5 in Fighting
  2688 | Sewer    | Reached XP level 7. HP: 43/44 MP: 7/7
  2890 | Sewer    | Reached skill level 1 in Stealth
  3363 | D:4      | Found an opulent altar of Gozag.
  3364 | D:4      | Found a glowing silver altar of Zin.
  3402 | D:5      | Entered Level 5 of the Dungeon
  3528 | D:5      | Reached skill level 6 in Maces & Flails
  3713 | D:5      | Found a staircase to the Ecumenical Temple.
  3897 | Temple   | Entered the Ecumenical Temple
  3963 | Temple   | Became a worshipper of the Shining One
  4055 | D:5      | Reached skill level 7 in Maces & Flails
  4055 | D:5      | Reached XP level 8. HP: 36/51 MP: 8/8
  4320 | D:5      | Reached skill level 5 in Armour
  5060 | D:6      | Found a shattered altar of Ashenzari.
  5069 | D:6      | Found a snail-covered altar of Cheibriados.
  5069 | D:6      | Found a bloodstained altar of Trog.
  5073 | D:6      | Found an ancient bone altar of Kikubaaqudgha.
  5671 | D:6      | Reached skill level 8 in Maces & Flails
  5721 | D:6      | Reached XP level 9. HP: 56/56 MP: 9/9
  6444 | D:6      | Noticed a troll
  6453 | D:6      | Killed a troll
  6569 | D:7      | Reached * piety under the Shining One
  7012 | D:7      | Reached skill level 9 in Maces & Flails
  7453 | D:8      | Found a glowing silver altar of Zin.
  7473 | D:8      | Noticed Erica
  7493 | D:8      | Killed Erica
  7493 | D:8      | Reached XP level 10. HP: 64/64 MP: 10/10
  7537 | D:8      | Found a flagged portal.
  7567 | Bailey   | Entered a bailey
  7567 | Bailey   | Noticed an orc knight
  7574 | Bailey   | Noticed an orc knight
  7580 | Bailey   | Noticed an orc knight
  7580 | Bailey   | Noticed an orc knight
  7591 | Bailey   | Noticed an orc knight
  7591 | Bailey   | Noticed an orc knight
  7591 | Bailey   | Reached ** piety under the Shining One
  7601 | Bailey   | HP: 2/64 [orc warrior/bolt (16)]
  7601 | Bailey   | Mangled by an orc knight

Skill      XL: |  1  2  3  4  5  6  7  8  9 |
---------------+----------------------------+-----
Maces & Flails | 3 4 5 7 8 9 |  9.1
Fighting       | 4 5 6 7 |  7.7
Armour         | 4 7 8 |  8.2
Stealth        | 1 |  1.9
Shields        | 7 |  7.2

Action                   |  1- 3 |  4- 6 |  7- 9 | 10-12 || total
-------------------------+-------+-------+-------+-------++-------
Melee: Flail             |    86 |   420 |   613 |    25 ||  1144
  Use: Scroll            |       |       |    12 |       ||    12
       Potion            |       |       |     9 |     2 ||    11
 Stab: Invisible         |       |       |     3 |       ||     3
  Eat: Chunk             |       |     7 |    11 |     2 ||    20
       Bread ration      |       |       |     1 |       ||     1
Armor: Scale mail        |    42 |    59 |       |       ||   101
       Plate armour      |       |   218 |   369 |    22 ||   609
Dodge: Dodged            |    45 |    90 |   100 |     6 ||   241
Block: Shield            |    54 |   208 |   311 |    25 ||   598
